 Dungeon Crawl Stone Soup version 0.21-a0-91-ga5031da (webtiles) character file.

2901 Penishole the Archer (level 9, -4/74 HPs)
             Began as a Centaur Hunter on June 28, 2017.
             Was a Believer of Okawaru.
             Splashed by a jelly's acid (9 damage)
             ... on level 7 of the Dungeon.
             The game lasted 00:39:25 (10826 turns).

Penishole the Archer (Centaur Hunter)              Turns: 10826, Time: 00:39:26

Health: -4/74      AC: -12   Str: 16    XL:     9   Next: 49%
Magic:  15/15      EV:  5    Int: 11    God:    Okawaru [**....]
Gold:   234        SH:  0    Dex: 19    Spells: 15/16 levels left

rFire    + . .     SeeInvis .   a - +2 shortbow (flame)
rCold    x . .     Gourm    .   (shield currently unavailable)
rNeg     + . .     Faith    .   k - +0 chain mail
rPois    .         Spirit   .   L - +0 helmet "Gol Payj" {rC- Str+2 Dex+6}
rElec    .         Reflect  .   l - scarf {cloud immunity}
rCorr    .         Harm     .   (no gloves)
MR       .....                  (no barding)
Stlth    ..........             (no amulet)
HPRegen  0.22/turn              w - ring of positive energy
MPRegen  0.14/turn              A - ring of protection from fire

@: corroded, very quick
A: hooves 3, deformed body, speed 2, tough skin 3
a: Heroism, Renounce Religion


You were on level 7 of the Dungeon.
You worshipped Okawaru.
Okawaru was pleased with you.
You were not hungry.

You visited 2 branches of the dungeon, and saw 9 of its levels.
You also visited: Sewer.

You collected 395 gold pieces.
You spent 161 gold pieces at shops.

Inventory:

Hand Weapons
 a - a +2 shortbow of flaming (weapon)
 b - the +1 rapier of Subjectivity {flame, rElec rN+}
   (You found it on level 5 of the Dungeon)

   It has been specially enchanted to burn those struck by it, causing extra
   injury to most foes and up to half again as much damage against particularly
   susceptible opponents.
   It insulates you from electricity.
   It protects you from negative energy.
 W - a +0 halberd of venom
Missiles
 Q - 3 steel tomahawks (quivered)
 Y - 4 poisoned tomahawks
Armour
 k - a +0 chain mail (worn)
 l - a scarf of cloud immunity (worn)
 L - the +0 helmet "Gol Payj" (worn) {rC- Str+2 Dex+6}
   (You bought it in a shop on level 4 of the Dungeon)

   It affects your strength (+2).
   It affects your dexterity (+6).
   It makes you vulnerable to cold.
Jewellery
 e - an uncursed ring of ice
 w - a ring of positive energy (left hand)
 A - a ring of protection from fire (right hand)
 G - an uncursed ring of resist corrosion
 J - an uncursed ring of flight
Wands
 B - a wand of confusion (19/48)
 R - a wand of acid (5/15)
 S - a wand of polymorph (10/24)
 Z - a wand of random effects (12/48)
Scrolls
 c - 2 scrolls of immolation {unknown}
 g - 5 scrolls of identify {unknown}
 i - 3 scrolls of recharging {unknown}
 j - a scroll of enchant weapon {unknown}
 q - 2 scrolls of fear
 s - 4 scrolls of remove curse
 D - a scroll of noise {unknown}
 E - a scroll of teleportation {unknown}
 N - a scroll of amnesia {unknown}
 T - a scroll of fog {unknown}
Potions
 h - 2 potions of magic {unknown}
 m - 3 potions of curing {unknown}
 n - 3 potions of mutation {unknown}
 o - a potion of ambrosia {unknown}
 p - a potion of brilliance {unknown}
 t - 2 potions of cancellation {unknown}
 u - a potion of haste
 v - 3 potions of lignification {unknown}
 x - a potion of might {unknown}
 z - a potion of heal wounds {unknown}
 F - 5 potions of agility
Books
 y - a book of Cantrips

   Spells                             Type                      Level
   a - Confusing Touch                Hexes                        1
   b - Animate Skeleton               Necromancy                   1
   c - Summon Small Mammal            Summoning                    1
   d - Apportation                    Translocation                1
 V - a book of Necromancy

   Spells                             Type                      Level
   a - Pain                           Necromancy                   1
   b - Animate Skeleton               Necromancy                   1
   c - Vampiric Draining              Necromancy                   3
   d - Regeneration                   Charms/Necromancy            3
   e - Animate Dead                   Necromancy                   4
   f - Control Undead                 Necromancy                   4
Comestibles
 d - a royal jelly
 f - 6 bread rations
 r - 7 meat rations
 M - a fruit


   Skills:
 - Level 5.1 Fighting
 - Level 14.1 Bows
 - Level 1.3 Dodging
 - Level 0.4 Stealth
 * Level 4.4 Spellcasting


You had 15 spell levels left.
You knew the following spells:

 Your Spells              Type           Power        Failure   Level  Hunger
a - Animate Skeleton      Necr           N/A          99%         1    #......


Dungeon Overview and Level Annotations

Branches:
Dungeon (8/15)             Temple (1/1) D:5
   Lair: D:8-11

Altars:
Ashenzari
Cheibriados
Dithmenos
Elyvilon
Fedhas
Gozag
Hepliaklqana
Kikubaaqudgha
Makhleb
Nemelex Xobeh
Okawaru
Ru
Sif Muna
Trog
Uskayaw
Vehumet
Wu Jian
Xom
Yredelemnul
Zin
The Shining One

Shops:
D:4 [

Annotations:
D:8 skittles's ghost, novice HaHu


Innate Abilities, Weirdness & Mutations

You have hooves in place of feet.
Armour fits poorly on your strangely shaped body.
You cover ground very quickly.
You have extremely tough skin. (AC +3)


Message History

Throwing (i - inventory. (,) - cycle):
K - 2 tomahawks (quivered)
Press: ? - help, Shift-Dir - straight line, f - jelly
Aim: a jelly (almost dead)
You throw a tomahawk.
The tomahawk hits the jelly but does no damage.
The jelly is almost dead.
The jelly hits you.
* * * LOW HITPOINT WARNING * * *
The acid corrodes you!
You are splashed with acid!
The acid burns!
* * * LOW HITPOINT WARNING * * *
Throwing (i - inventory. (,) - cycle):
K - a tomahawk (quivered)
Press: ? - help, Shift-Dir - straight line, f/p - jelly
Aim: a jelly (almost dead)
You throw a tomahawk.
The tomahawk hits the jelly but does no damage.
The jelly is almost dead.
The jelly hits you.
* * * LOW HITPOINT WARNING * * *
The acid corrodes you!
You are splashed with acid!
The acid burns!
You die...

##.## #.....#
#.# ##...##
#.....# #.#
#.....####.....#
#.#
#.......########
#.#
#.....#.#######
####.#
##...##.......#
#....#
######..####.#
#.####
#(.####.######.#
#.......@J..##.#
##.##...###.##.#
#.............#
#####.####<####
#.####.#
#......#
########


You could see a jelly.

Vanquished Creatures
  A hippogriff (D:7)
  Menkaure (D:4)
  A water moccasin (D:8)
  An orc warrior (D:7)
  An ice beast (D:8)
  2 phantoms
  2 ogres
  4 centaurs
  A big kobold (Sewer)
  A scorpion (D:5)
  A water moccasin skeleton (D:7)
  3 killer bees
  2 howler monkeys (D:4)
  4 crimson imps
  4 orc priests
  5 hounds
  4 jellies
  4 orc wizards
  Natasha (thrice) (D:2)
  An iguana (D:4)
  A worker ant (D:7)
  2 hound zombies
  8 gnolls
  23 adders
  2 shadow imps
  12 oozes
  An adder skeleton (D:7)
  2 worms
  3 leopard geckos
  18 orcs
  5 bats
  3 giant cockroaches
  9 goblins
  10 hobgoblins
  5 jackals
  13 kobolds
  2 quokkas
  4 ball pythons
  6 frilled lizards
  A jackal zombie (D:5)
  A quokka skeleton (D:5)
  21 rats
198 creatures vanquished.

Notes
Turn   | Place    | Note
-------+----------+-------------------------------------------
     0 | D:1      | Penishole the Centaur Hunter began the quest for the Orb.
     0 | D:1      | Reached XP level 1. HP: 17/17 MP: 1/1
   214 | D:1      | Reached XP level 2. HP: 25/25 MP: 2/2
   682 | D:1      | Reached XP level 3. HP: 31/31 MP: 3/3
  1340 | D:2      | Noticed Natasha
  1652 | D:2      | Killed Natasha
  1652 | D:2      | Reached XP level 4. HP: 32/41 MP: 4/4
  1769 | D:2      | Noticed Natasha
  1776 | D:2      | Killed Natasha
  1776 | D:2      | Reached skill level 5 in Fighting
  1807 | D:2      | Found a faded altar of an unknown god.
  1888 | D:2      | Noticed Natasha
  1891 | D:2      | Killed Natasha
  1891 | D:2      | Reached XP level 5. HP: 47/48 MP: 5/5
  2004 | D:2      | Reached skill level 6 in Bows
  2417 | D:3      | Found a glowing drain.
  2438 | Sewer    | Entered a sewer
  3163 | Sewer    | Reached skill level 7 in Bows
  3194 | Sewer    | Reached XP level 6. HP: 39/56 MP: 6/6
  3975 | Sewer    | Reached skill level 8 in Bows
  4366 | D:3      | Learned a level 1 spell: Animate Skeleton
  5024 | D:4      | Noticed Menkaure
  5105 | D:4      | Found a blossoming altar of Fedhas.
  5226 | D:4      | Found Ulesh's Antique Armour Emporium.
  5241 | D:4      | Reached skill level 9 in Bows
  5241 | D:4      | Reached XP level 7. HP: 61/61 MP: 7/7
  5787 | D:4      | Bought a bloodstained helmet for 161 gold pieces
  5792 | D:4      | Identified the +0 helmet "Gol Payj" {rC- Str+2 Dex+6} (You bought it in a shop on level 4 of the Dungeon)
  5860 | D:4      | Reached skill level 10 in Bows
  6119 | D:4      | Killed Menkaure
  6119 | D:4      | Reached skill level 11 in Bows
  6350 | D:4      | Found a shadowy altar of Dithmenos.
  6529 | D:4      | Reached XP level 8. HP: 42/68 MP: 8/8
  6953 | D:5      | Entered Level 5 of the Dungeon
  6958 | D:5      | Got an ivory rapier
  6959 | D:5      | Identified the cursed +1 rapier of Subjectivity {flame, rElec rN+} (You found it on level 5 of the Dungeon)
  7334 | D:5      | Found a staircase to the Ecumenical Temple.
  7392 | Temple   | Entered the Ecumenical Temple
  7454 | Temple   | Became a worshipper of Warmaster Okawaru
  7648 | D:5      | Reached skill level 12 in Bows
  8057 | D:6      | Found a deep blue altar of Sif Muna.
  8057 | D:6      | Found a glowing golden altar of the Shining One.
  8058 | D:6      | Found a white marble altar of Elyvilon.
  8582 | D:6      | Reached skill level 13 in Bows
  8927 | D:7      | Reached * piety under Okawaru
  9199 | D:7      | Noticed a hippogriff
  9211 | D:7      | Killed a hippogriff
  9211 | D:7      | Reached skill level 14 in Bows
  9271 | D:7      | Reached XP level 9. HP: 74/74 MP: 9/9
  9305 | D:7      | Reached skill level 1 in Spellcasting
  9994 | D:8      | Noticed skittles's ghost (novice HaHu)
 10434 | D:8      | Reached ** piety under Okawaru
 10826 | D:7      | Splashed by a jelly's acid

Vault maps used:
D:1:      erik_arrival_gehennom, serial_glass, glass_columns_a, glass_columns_a
D:2:      chequers_ecumenical_altar_island, first_bread, uniq_natasha
D:3:      cheibrodos_sewer_entry_bend
D:4:      fedhas_bush_and_centaur_altar,
          nicolae_dithmenos_through_a_glass_darkly, serial_shops,
          kennysheep_little_box, uniq_menkaure
D:5:      minmay_temple_entry_glassed_door
D:6:      grunt_temple_overflow_open
D:8:      hangedman_little_slice_of_home
Temple:   nicolae_temple_elliptical
Sewer:    sewer_co_tree

Skill      XL: |  1  2  3  4  5  6  7  8  9 |
---------------+----------------------------+-----
Fighting       | 3 4 5 |  5.1
Bows           | 7 9 11 14 | 14.1
Spellcasting   | 4 |  4.4
Dodging        | |  1.3
Stealth        | |  0.4

Action                   |  1- 3 |  4- 6 |  7- 9 || total
-------------------------+-------+-------+-------++-------
Melee: Short sword       |    91 |       |       ||    91
       Kick              |    11 |    41 |    29 ||    81
       Rapier            |     1 |   202 |    83 ||   286
       Shortbow          |       |       |     1 ||     1
 Fire: Shortbow          |    22 |    62 |   340 ||   424
Throw: Javelin           |     3 |     6 |    14 ||    23
       Tomahawk          |       |     2 |     8 ||    10
 Cast: Animate Skeleton  |       |     2 |       ||     2
  Use: Scroll            |       |       |     2 ||     2
  Eat: Chunk             |     1 |    10 |    10 ||    21
       Fruit             |       |     1 |     5 ||     6
       Royal jelly       |       |       |     1 ||     1
Armor: Leather armour    |    40 |    93 |       ||   133
       Chain mail        |       |     2 |   128 ||   130
Dodge: Dodged            |    54 |   123 |    49 ||   226
